 Dungeon Crawl Stone Soup version 0.14-a0-77-g9a1e883 (webtiles) character file.

153 Malachi the Skirmisher (level 4, -2/36 HPs)
             Began as a Demonspawn Berserker on Oct 1, 2013.
             Was a Believer of Trog.
             Slain by a gnoll
             ... wielding a +2,+2 spear
              (5 damage)
             ... on Level 2 of the Dungeon.
             The game lasted 00:03:10 (1138 turns).

Malachi the Skirmisher (Demonspawn Berserker)       Turns: 1138, Time: 00:03:10

HP  -2/36        AC 10     Str 18      XL: 4   Next: 15%
MP   3/3         EV  6     Int  9      God: Trog [**....]
Gold 75          SH  0     Dex 12      Spells:  0 memorised,  3 levels left

Res.Fire  : . . .   See Invis. : .   a - +0 falchion
Res.Cold  : . . .   Warding    : .   e - +0 elf chain mail
Life Prot.: . . .   Conserve   : .   (no shield)
Res.Poison: .       Res.Corr.  : .   (no helmet)
Res.Elec. : .       Clarity    : .   (no cloak)
Sust.Abil.: . .     Spirit.Shd : .   (no gloves)
Res.Mut.  : .       Stasis     : .   (no boots)
Res.Rott. : .       Flight     : .   (no amulet)
Saprovore : . . .                    (no ring)
                                     (no ring)

@: exhausted, slowed, very slow, slightly resistant to hostile enchantments,
extremely unstealthy
A: powered by death 1, AC +2
a: Burn Spellbooks, Berserk, Trog's Hand, Renounce Religion


You were on level 2 of the Dungeon.
You worshipped Trog.
Trog was pleased with you.
You were near starving.

You visited 1 branch of the dungeon, and saw 2 of its levels.

You collected 55 gold pieces.

Inventory:

Hand weapons
 a - a +0,+0 falchion (weapon)
Armour
 b - a +0 animal skin
 e - a +0 elven chain mail (worn)
Comestibles
 c - 2 bread rations
 g - a choko
Scrolls
 d - 3 scrolls of remove curse
 h - a scroll of curse weapon {unknown}
 i - a scroll of curse jewellery {unknown}
 k - 2 scrolls of identify {unknown}
 l - a scroll of recharging {unknown}
 m - a scroll of teleportation {unknown}
Jewellery
 o - an uncursed ring of teleportation
Potions
 j - a potion of might {unknown}
 n - a potion of degeneration {unknown}


   Skills:
 + Level 3.5 Fighting
 + Level 3.4 Long Blades
 + Level 2.0 Armour
 + Level 2.6 Dodging
 + Level 0.2 Stealth


You had 3 spell levels left.
You didn't know any spells.

Dungeon Overview and Level Annotations

Branches:
Dungeon (2/27)

Altars:


Innate Abilities, Weirdness & Mutations

You are partially covered in yellow scales (AC +2).
You can steal the life force of nearby defeated enemies.


Message History

The gnoll hits you from afar with a spear.
The gnoll hits you with a whip.
* * * LOW HITPOINT WARNING * * *
You hit the gnoll but do no damage.
The gnoll is almost dead.
The gnoll hits you from afar with a spear.
* * * LOW HITPOINT WARNING * * *
The gnoll hits you with a whip.
* * * LOW HITPOINT WARNING * * *
Your chain mail prevents you from hitting the gnoll.
The gnoll is almost dead.
The gnoll hits you but does no damage.
The gnoll hits you from afar with a spear.
* * * LOW HITPOINT WARNING * * *
The gnoll hits you but does no damage.
Drink which item? (? for menu, Esc to quit)
You feel refreshed.
It was a potion of restore abilities.
You are near starving!
The gnoll hits you from afar with a spear.
You die...

.(..# #.#
#(.....######.## #.
....# #.#
#......#.......# #.
....# #.#
#......#.......###.
.#.##
...##......#...........
.#.#
........................
.#.#
....##......#...........
.#.#
#......................
.#
##.##......######.#....
.# #.@)...# #.#.<.. .
##g##### #.#(... ...g
....... ....... ..#....
#.###.### # #.# #.. #..
...


You could see 2 gnolls.

Vanquished Creatures
  2 gnolls (D:2)
  An adder (D:2)
  A worm (D:2)
  2 oozes
  7 bats
  5 giant cockroaches (D:1)
  3 goblins
  6 hobgoblins
  4 kobolds
  A ball python (D:1)
  3 giant newts
  4 rats
39 creatures vanquished.

Notes
Turn   | Place    | Note
--------------------------------------------------------------
     0 | D:1      | Malachi, the Demonspawn Berserker, began the quest for the Orb.
     0 | D:1      | Reached XP level 1. HP: 18/18 MP: 0/0
   107 | D:1      | Gained mutation: You can steal the life force of nearby defeated enemies. [demonic ancestry]
   107 | D:1      | Reached XP level 2. HP: 8/24 MP: 1/1
   643 | D:1      | Acquired Trog's second power
   823 | D:1      | Gained mutation: You are partially covered in yellow scales (AC +2). [demonic ancestry]
   823 | D:1      | Reached XP level 3. HP: 27/30 MP: 2/2
  1118 | D:2      | Reached XP level 4. HP: 36/36 MP: 3/3
  1138 | D:2      | Slain by a gnoll

Action                   |  1- 3 |  4- 6 || total
-------------------------+-------+-------++-------
Melee: Falchion          |   134 |    18 ||   152
Invok: Berserk           |     2 |       ||     2
  Use: Scroll            |     1 |       ||     1
       Potion            |       |     1 ||     1
